 Dungeon Crawl Stone Soup version 0.28-a0-957-g42eb19b844 (webtiles) character file.

Game seed: 16083977106440824127

70 Redcow54321 the Ruffian (level 4, -2/44 HPs)
             Began as a Troll Fighter on Dec 1, 2021.
             Slain by a hobgoblin (5 damage)
             ... led by Robin
             ... on level 3 of the Dungeon.
             The game lasted 00:02:49 (1585 turns).

Redcow54321 the Ruffian (Troll Fighter)             Turns: 1585, Time: 00:02:50

Health: -2/44      AC:  4    Str: 26    XL:     4   Next: 4%
Magic:  3/3        EV: 10    Int:  4    God:
Gold:   53         SH:  0    Dex:  9    Spells: 3/3 levels left

rFire   . . .      SeeInvis .     - Unarmed
rCold   . . .      Faith    .   (no shield)
rNeg    . . .      Spirit   .   a - +0 robe
rPois   .          Reflect  .   (helmet restricted)
rElec   .          Harm     .   (no cloak)
rCorr   .          Rampage  .   (gloves unavailable)
Will    .....                   (boots unavailable)
Stlth   +.........              (no amulet)
HPRegen 0.94/turn               (no ring)
MPRegen 0.08/turn               (no ring)

@: mighty
A: large, unfitting armour, claws 3, regeneration 1, shaggy fur 1, tough skin 1
a: no special abilities


You were on level 3 of the Dungeon.
You visited 1 branch of the dungeon, and saw 3 of its levels.

You collected 53 gold pieces.

Inventory:

Armour
 a - a +0 robe (worn)
 b - a +0 kite shield
Scrolls
 f - 2 scrolls of teleportation {unknown}
 g - a scroll of summoning {unknown}
 h - a scroll of fog {unknown}
 i - a scroll of identify {unknown}
Potions
 d - 2 potions of curing {unknown}
 e - 2 potions of brilliance {unknown}


   Skills:
 - Level 2.4 Fighting
 - Level 2.4 Dodging
 - Level 2.4 Shields
 * Level 4.3 Unarmed Combat


You had 3 spell levels left.
You didn't know any spells.
Your spell library was empty.

Dungeon Overview and Level Annotations

Branches:
Dungeon (3/15)

Altars:
Qazlal

Annotations:
D:3 Robin


Innate Abilities, Weirdness & Mutations

You are too large for most types of armour.
You have claws for hands.
Your natural rate of healing is unusually fast.
You are covered in fur. (AC +1)
You have tough skin. (AC +1)


Message History

You kill the goblin!
The goblin misses you. Robin throws the goblin at you!
The goblin hits you with a +0 dagger. x2
You mangle the goblin!!
You kill the goblin!
The goblin hits you with a +0 dagger. The goblin hits you but does no damage.
The goblin hits you with a +0 dagger.
You have reached level 4!
You claw the goblin!
You kill the goblin!
Robin throws the goblin at you! The goblin hits you with a +0 dagger.
The goblin hits you but does no damage. The goblin hits you with a +0 dagger.
The goblin completely misses you.
You closely miss the goblin. The goblin hits you with a +0 dagger.
The goblin hits you but does no damage. The goblin barely misses you.
The goblin hits you but does no damage.
You closely miss the goblin. The goblin hits you with a +0 dagger.
The goblin closely misses you.
The goblin hits you but does no damage. x2
You barely miss the goblin. The goblin hits you with a +0 dagger.
* * * LOW HITPOINT WARNING * * *
The goblin hits you but does no damage.
You barely miss the goblin. Your claw misses the goblin.
The goblin barely misses you.
The goblin hits you but does no damage. x3
You barely miss the goblin. The goblin hits you with a +0 dagger.
* * * LOW HITPOINT WARNING * * *
The goblin hits you with a +0 club.
* * * LOW HITPOINT WARNING * * *
The goblin closely misses you.
Robin points. "Kill!"
The goblin hits you with a +0 dagger.
* * * LOW HITPOINT WARNING * * *
You mangle the goblin!!
You kill the goblin!
The goblin closely misses you. The goblin barely misses you.
The hobgoblin hits you but does no damage.
Items here: )))))) ††††.
You closely miss the goblin. The goblin hits you with a +0 dagger.
* * * LOW HITPOINT WARNING * * *
The hobgoblin hits you.
You die...

##......<##
#.........#
+.........+
#.........#
#......<##
##.....##
##.gg##
##g## #@#
#g#


ggb ..g.# ...... .#....## #.#.#... # #.#### You could see Robin, 2 hobgoblins, 4
goblins and a bat.

Vanquished Creatures
  2 adders (D:2)
  2 dart slugs
  5 ball pythons
  An endoplasm (D:1)
  12 goblins
  4 hobgoblins
  4 quokkas
  6 bats
  3 frilled lizards
  3 kobolds
42 creatures vanquished.

Notes
Turn   | Place    | Note
-------+----------+-------------------------------------------
     0 | D:1      | Redcow54321 the Troll Fighter began the quest for the Orb.
     0 | D:1      | Reached XP level 1. HP: 22/22 MP: 0/0
   109 | D:1      | Reached XP level 2. HP: 29/29 MP: 1/1
   213 | D:1      | You fall into a shaft and drop 1 floor!
   238 | D:2      | Reached skill level 3 in Unarmed Combat
   408 | D:2      | Reached XP level 3. HP: 25/36 MP: 2/2
   534 | D:2      | Found a stormy altar of Qazlal.
   801 | D:2      | Reached skill level 4 in Unarmed Combat
  1567 | D:3      | Noticed Robin
  1577 | D:3      | Reached XP level 4. HP: 26/44 MP: 3/3
  1582 | D:3      | HP: 2/44 [goblin[Robin] (5)]
  1585 | D:3      | Slain by a hobgoblin

Illustrated notes

Levels and vault maps discovered:
D:1:      psy_arrival_radial01, layout_basic, chequers_serial_rivers_large_b
D:2:      layout_basic, basic_altar
D:3:      layout_loops_corners, st_stairs_6, uniq_terence, uniq_robin

Skill      XL: |  1  2  3 |
---------------+----------+-----
Unarmed Combat | 3 4 |  4.3
Fighting       | |  2.4
Dodging        | |  2.4
Shields        | |  2.4

Action                   |  1- 3 |  4- 6 || total
-------------------------+-------+-------++-------
Melee: Unarmed           |   113 |     8 ||   121
       Punch             |     2 |       ||     2
  Use: Potion            |     1 |       ||     1
Armor: Robe              |    48 |    10 ||    58
Dodge: Dodged            |    73 |     7 ||    80
Block: Kite shield       |     2 |       ||     2

Table legend: (Time is in decaauts)
 A = Elapsed time spent in this place.
 B = Non-inter-level travel time spent in this place.
 C = Inter-level travel time spent in this place.
 D = Time resting spent in this place.
 E = Time spent auto-exploring this place.
 F = Levels seen in this place.
 G = Mean time per level.
                   A        B        C        D        E       F      G
               +--------+--------+--------+--------+--------+-----+--------+
         Total |   1607 |   1549 |     58 |      0 |   1272 |   3 |  535.7 |
       Dungeon |   1607 |   1549 |     58 |      0 |   1272 |   3 |  535.7 |
               +--------+--------+--------+--------+--------+-----+--------+

Top non-repeatable levels by time:
     D:2: 827 daAuts
     D:1: 757 daAuts
     D:3: 22 daAuts
